 Dungeon Crawl Stone Soup version 0.16.1-51-g6203257 (webtiles) character file.

107 uhvn the Sneak (level 4, -5/23 HPs)
             Began as a Vine Stalker Enchanter on July 7, 2015.
             Killed from afar by an orc wizard (8 damage)
             ... with a puff of frost
             ... on level 3 of the Dungeon.
             The game lasted 00:17:13 (2702 turns).

uhvn the Sneak (Vine Stalker Enchanter)             Turns: 2702, Time: 00:17:13

Health: -5/23      AC:  3    Str: 10    XL:     4   Next: 86%
Magic:  0/10       EV: 13    Int: 15    God:
Gold:   197        SH:  0    Dex: 16    Spells: 1 memorised, 8 levels left

rFire  . . .     SeeInvis .     a - +1 dagger
rCold  . . .     Clarity  .     b - +1 robe
rNeg   + + .     SustAb   +     (no shield)
rPois  .         Gourm    .     (no helmet)
rElec  .         Spirit   +     (no cloak)
rCorr  .         Warding  +     (no gloves)
rMut   .         Stasis   .     (no boots)
MR     .....                    u - amulet of warding
Stlth  +++.......               l - ring of sustain abilities
                                i - ring of positive energy

@: not resistant to hostile enchantments, fairly stealthy
A: fangs 2, regeneration 1, magic shield, antimagic bite, no device heal 3, rot
immunity
a: no special abilities


You were on level 3 of the Dungeon.
You were near starving.

You visited 1 branch of the dungeon, and saw 3 of its levels.

You collected 197 gold pieces.

Inventory:

Hand weapons
 a - a +1 dagger (weapon)
Armour
 b - a +1 robe (worn)
Jewellery
 i - a ring of positive energy (left hand)
 l - a ring of sustain abilities (right hand)
 n - an uncursed ring of sustain abilities
 u - an amulet of warding (around neck)
Magical devices
 w - a wand of polymorph (12)
Scrolls
 e - a scroll of identify {unknown}
 g - 2 scrolls of recharging {unknown}
 h - a scroll of enchant weapon {unknown}
 j - 3 scrolls of noise {unknown}
 m - a scroll of fear {unknown}
 p - a scroll of teleportation {unknown}
 q - a scroll of blinking {unknown}
 x - a scroll of fog {unknown}
Potions
 k - a potion of brilliance {unknown}
 o - a potion of cancellation {unknown}
 r - a potion of heal wounds {unknown}
Books
 c - a book of Maledictions

   Spells                             Type                      Level
   a - Corona                         Hexes                        1
   b - Sure Blade                     Hexes/Charms                 2
   c - Ensorcelled Hibernation        Hexes/Ice                    2
   d - Confuse                        Hexes                        3
   e - Dazzling Spray                 Conjuration/Hexes            3
   f - Enslavement                    Hexes                        4
Comestibles
 d - 3 bread rations
 f - a slice of pizza
 s - a beef jerky
 t - 2 meat rations
 v - 3 fruits


   Skills:
 * Level 2.0 Fighting
 - Level 1.1 Short Blades
 + Level 2.1 Dodging
 * Level 4.4 Stealth
 * Level 3.2 Spellcasting
 - Level 3.0 Hexes


You had 8 spell levels left.
You knew the following spells:

 Your Spells              Type           Power        Failure   Level  Hunger
a - Corona                Hex            ##.....      8%          1    #......


Dungeon Overview and Level Annotations

Branches:
Dungeon (3/15)

Altars:
Ashenzari
Okawaru
Zin
The Shining One


Innate Abilities, Weirdness & Mutations

You have extremely sharp teeth.
Your natural rate of healing is unusually fast.
When hurt, damage is shared between your health and your magic reserves.
Your bite disrupts and absorbs the magic of your enemies.
Potions and wands cannot restore your health.
You are immune to rotting.


Message History

You hit the orc.
You kill the orc!
You closely miss the orc. Your bite misses the orc. You closely miss the orc.
The orc hits you with a whip.
You hit the orc. Your bite misses the orc.
The orc is moderately wounded.
The orc hits you with a whip.
You closely miss the orc. Your bite misses the orc.
The orc is moderately wounded.
You feel a wave of unholy energy pass over you.
The puff of frost hits you! The puff of frost hits you!
The magic dart hits you!
* * * LOW HITPOINT WARNING * * *
You start resting.
Something hits you.
* * * LOW HITPOINT WARNING * * *
You hear some strange, mumbled words.
The puff of frost hits you!
You die...

..........)....#†...
#.#####........#####
#.# ####.##.## #.#
#.##.# #(#
#.##.###### #.#
#.##.......
#.########.#########
##..................
#o..@.......#######
#.########### #.#
#.# #.# #.# #.# #o#
#o#


You could see an orc.

Vanquished Creatures
  4 adders
  A giant mite (D:3)
  4 orcs (D:3)
  6 giant cockroaches (D:1)
  11 goblins
  7 hobgoblins
  4 jackals
  6 kobolds
  A ball python (D:2)
  5 bats
  4 giant newts
  7 rats
60 creatures vanquished.

Notes
Turn   | Place    | Note
--------------------------------------------------------------
     0 | D:1      | uhvn, the Vine Stalker Enchanter, began the quest for the Orb.
     0 | D:1      | Reached XP level 1. HP: 9/9 MP: 3/3
   146 | D:1      | Reached XP level 2. HP: 14/14 MP: 1/5
   302 | D:1      | Reached skill level 1 in Short Blades
   422 | D:1      | Reached skill level 1 in Fighting
   422 | D:1      | Reached skill level 4 in Stealth
   422 | D:1      | Reached XP level 3. HP: 15/18 MP: 4/7
  1242 | D:2      | Found a shattered altar of Ashenzari.
  1423 | D:2      | Found a glowing golden altar of the Shining One.
  1423 | D:2      | Found a glowing silver altar of Zin.
  1491 | D:2      | Reached XP level 4. HP: 7/22 MP: 3/9
  2298 | D:3      | Found an iron altar of Okawaru.
  2702 | D:3      | Killed from afar by an orc wizard

Action                   |  1- 3 |  4- 6 || total
-------------------------+-------+-------++-------
Melee: Dagger            |   152 |    79 ||   231
 Cast: Corona            |    28 |    17 ||    45
 Stab: Sleeping          |     1 |     1 ||     2
  Eat: Chunk             |     1 |     2 ||     3
       Pizza             |       |     1 ||     1
